 Dungeon Crawl Stone Soup version 0.29.0-4-gdea44cf6ec (webtiles) character file.

Game seed: 12129329854371208142

5765 qw the Grappler (level 10, -4/98 HPs)
             Began as a Troll Cinder Acolyte on Aug 30, 2022.
             Was an Initiate of Ignis.
             Slain by a sixfirhy (12 damage)
             ... summoned by an obsidian statue
             ... on level 9 of the Dungeon.
             The game lasted 00:04:32 (8391 turns).

qw the Grappler (Troll Cinder Acolyte)              Turns: 8391, Time: 00:04:32

Health: -4/98      AC: 14    Str: 28    XL:     10   Next: 49%
Magic:  10/10      EV:  9    Int: 10    God:    Ignis [......]
Gold:   300        SH:  0    Dex:  5    Spells: 11/11 levels left

rFire   + + .      SeeInvis .     - Unarmed
rCold   + . .      Faith    .   (no shield)
rNeg    + . .      Spirit   .   p - +0 steam dragon scales
rPois   .          Reflect  .   (helmet restricted)
rElec   .          Harm     .   j - scarf {rC+ rF+}
rCorr   +          Rampage  .   (gloves unavailable)
Will    .....                   (boots unavailable)
Stlth   +.........              (no amulet)
HPRegen 1.06/turn               b - ring of positive energy
MPRegen 0.12/turn               h - ring of resist corrosion

@: about to teleport, spiked, fiery-armoured, mesmerised
A: large, unfitting armour, claws 3, regeneration 1, shaggy fur 1, tough skin 1
a: Renounce Religion, Rising Flame


You were on level 9 of the Dungeon.
You worshipped Ignis.
Ignis was noncommittal.
You visited 1 branch of the dungeon, and saw 9 of its levels.

You collected 520 gold pieces.
You spent 220 gold pieces at shops.


Innate Abilities, Weirdness & Mutations

You are too large for most types of armour.
You have claws for hands.
Your natural rate of healing is unusually fast.
You are covered in fur. (AC +1)
You have tough skin. (AC +1)


   Skills:
 - Level 6.0 Fighting
 - Level 1.6 Throwing
 - Level 1.0 Armour
 - Level 1.8 Dodging
 + Level 14.0 Unarmed Combat
 - Level 1.0 Spellcasting
 - Level 2.1 Fire Magic


You had 11 spell levels left.
You didn't know any spells.
Your spell library contained the following spells:

 Spells                   Type           Power      Damage    Failure   Level
 Scorch                   Fire           8%         2d5       22%         2

Inventory:

Missiles
 o - 11 boomerangs (quivered)
Armour
 j - a scarf of resistance (worn)
 p - +0 steam dragon scales (worn)
Jewellery
 b - a ring of positive energy (left claw)
 h - a ring of resist corrosion (right claw)
Wands
 c - a wand of digging (5)
Scrolls
 a - a scroll of noise {unknown}
 e - 4 scrolls of identify
Potions
 f - 2 potions of curing
 g - a potion of might
 i - 3 potions of heal wounds
 k - 2 potions of haste
 l - a potion of resistance
 m - a potion of cancellation

Dungeon Overview and Level Annotations

Branches:
Dungeon (9/15)             Temple (0/1) D:4            Lair (0/5) D:9
    Orc (0/2) D:9

Altars:
Elyvilon
Kikubaaqudgha
Xom

Shops:
D:6 =


Message History

The obsidian statue is lightly damaged.
The obsidian statue slips into the dungeon's darkness for a moment.
The obsidian statue's eyes glow briefly.
You claw the white imp!
The white imp is severely wounded.
The obsidian statue's eyes glow briefly.
You claw the white imp!
You kill the white imp!
The white imp disappears in a puff of smoke!
You claw the hellwing!
The hellwing is moderately wounded.
The hellwing hits you.
The hellwing hits you but does no damage.
The obsidian statue's eyes glow briefly.
You claw the hellwing!
The hellwing is severely wounded.
The ufetubus disappears in a puff of smoke!
The sixfirhy hits you. The sixfirhy shocks you!
The sixfirhy is burned by your cloak of flames.
The sixfirhy is lightly wounded.
The hellwing closely misses you.
The hellwing hits you but does no damage.
The hellwing is burned by your cloak of flames.
The hellwing is severely wounded.
The sixfirhy closely misses you.
You barely miss the hellwing. You claw the hellwing!
You kill the hellwing!
The hellwing disappears in a puff of smoke!
The sixfirhy completely misses you. The sixfirhy hits you!
The sixfirhy shocks you!
The sixfirhy is burned by your cloak of flames.
The sixfirhy is lightly wounded.
The sixfirhy hits you but does no damage.
The sixfirhy is burned by your cloak of flames.
The sixfirhy is moderately wounded.
8391 ||| READING scroll of teleportation.
As you read the scroll of teleportation, it crumbles to dust.
You feel strangely unstable. The sixfirhy hits you! The sixfirhy shocks you!
You die...

##.)....## ##.##
#.).....# ##.##
#)#....## #..##
##.#...######## #.#.##
#.)##..#......# ##.##.##
##.####....?.(##
##..##..## #####...#
####.....## #>.####..##
....)...#
##$##.....###### ##..#
...)....###...##@3...#
##..
........##(.8..##5585)#
##.
.........##...o.##.ยค.##
#..
.........###.o...##!##
#[#
.........####.....###
#.# ..........#
##......# ##.#
......<...# #......##
#..#
.......##.######.###
#.## .......##..#.....#
#.#


You could see an obsidian statue (mesmerising), a sixfirhy (summoned), a crimson
imp (summoned), a shadow imp (summoned) and an ufetubus (summoned).

Vanquished Creatures
  Erica (D:8)
  Pikel (D:4)
  A troll (D:9)
  A hornet (D:9)
  A wyvern (D:7)
  A steam dragon (D:7)
  Menkaure (D:4)
  A water moccasin (D:9)
  An ice beast (D:6)
  3 sky beasts
  A black bear (D:6)
  2 ogres
  2 centaurs
  3 phantoms (D:9)
  2 kobold brigands
  3 bullfrogs
  3 necrophages
  7 scorpions
  6 wights (D:9)
  2 troll zombies (D:9)
  4 howler monkeys
  4 hounds
  5 orc priests
  5 jellies
  A gnoll bouda (D:5)
  Terence (D:2)
  Ijyb (D:3)
  Natasha (D:4)
  5 iguanas
  10 orc wizards
  4 ogre zombies (D:9)
  Robin (D:2)
  8 gnolls
  11 adders
  3 shadow imps
  3 white imps
  An ufetubus (D:7)
  2 worms
  3 dart slugs
  19 orcs
  2 ball pythons
  5 bats
  6 endoplasms
  3 giant cockroaches
  13 hobgoblins
  19 kobolds
  5 quokkas
  5 frilled lizards
  13 goblins
  2 goblin zombies (D:9)
  A hobgoblin skeleton (D:9)
  2 hobgoblin zombies (D:9)
  2 orc skeletons (D:9)
  12 orc zombies (D:9)
  4 rats
229 creatures vanquished.

Notes
Turn   | Place    | Note
-------+----------+-------------------------------------------
     0 | D:1      | qw the Troll Cinder Acolyte began the quest for the Orb.
     0 | D:1      | Reached XP level 1. HP: 22/22 MP: 1/1
     0 | D:1      | 0 ||| qw: Version: 0.1-a-95-gae9e614
     0 | D:1      | 0 ||| qw: Game counter: 4456
     0 | D:1      | 0 ||| qw: Always use a shield: true
     0 | D:1      | 0 ||| qw: God list: Okawaru
     0 | D:1      | 0 ||| qw: Allow faded altars: false
     0 | D:1      | 0 ||| qw: Do Orc after D:15 true
     0 | D:1      | 0 ||| qw: Do second Lair branch before Depths: true
     0 | D:1      | 0 ||| qw: Lair rune preference: random
     0 | D:1      | 0 ||| qw: Plans: Normal
     0 | D:1      | 0 ||| PLANNING D:1-11
   188 | D:1      | Reached XP level 2. HP: 28/29 MP: 2/2
   377 | D:1      | 377 ||| Stepping ~*~*~tactically~*~*~ (hiding).
   384 | D:1      | Reached skill level 4 in Unarmed Combat
   459 | D:1      | 459 ||| Stepping ~*~*~tactically~*~*~ (outnumbered).
   484 | D:1      | Reached XP level 3. HP: 35/36 MP: 3/3
   664 | D:1      | 664 ||| UPGRADING to ring of positive energy.
   665 | D:1      | 665 ||| READING 3 scrolls labelled SIFASHR QIGIWK.
   666 | D:1      | 666 ||| READING scroll labelled QAEZEO NAIB.
   682 | D:1      | 682 ||| READING 2 scrolls of identify.
   682 | D:1      | 682 ||| IDENTIFYING coppery potion
   731 | D:2      | 731 ||| Stepping ~*~*~tactically~*~*~ (stealth).
   732 | D:2      | 732 ||| Stepping ~*~*~tactically~*~*~ (stealth).
   736 | D:2      | Noticed Terence
   747 | D:2      | 747 ||| INVOKING Fiery Armour.
   748 | D:2      | Killed Terence
   805 | D:2      | 805 ||| Stepping ~*~*~tactically~*~*~ (stealth).
   811 | D:2      | Reached skill level 5 in Unarmed Combat
   811 | D:2      | Reached XP level 4. HP: 44/44 MP: 4/4
   877 | D:2      | 877 ||| Stepping ~*~*~tactically~*~*~ (stealth).
   879 | D:2      | 879 ||| Stepping ~*~*~tactically~*~*~ (stealth).
   882 | D:2      | 882 ||| Stepping ~*~*~tactically~*~*~ (stealth).
   885 | D:2      | 885 ||| Stepping ~*~*~tactically~*~*~ (stealth).
   891 | D:2      | 891 ||| READING scroll labelled LEKHOE MYLINTEL.
   892 | D:2      | 892 ||| READING scroll labelled XIRALA CUXTE.
   893 | D:2      | 893 ||| READING scroll labelled KUCLIE RINIKKI.
   958 | D:2      | 958 ||| Stepping ~*~*~tactically~*~*~ (outnumbered).
   959 | D:2      | 959 ||| Stepping ~*~*~tactically~*~*~ (outnumbered).
   960 | D:2      | 960 ||| Stepping ~*~*~tactically~*~*~ (outnumbered).
   961 | D:2      | 961 ||| Stepping ~*~*~tactically~*~*~ (outnumbered).
  1036 | D:2      | Noticed Robin
  1040 | D:2      | 1040 ||| INVOKING Fiery Armour.
  1042 | D:2      | Killed Robin
  1043 | D:2      | 1043 ||| Stepping ~*~*~tactically~*~*~ (outnumbered).
  1044 | D:2      | 1044 ||| Stepping ~*~*~tactically~*~*~ (outnumbered).
  1045 | D:2      | 1045 ||| Stepping ~*~*~tactically~*~*~ (outnumbered).
  1046 | D:2      | 1046 ||| Stepping ~*~*~tactically~*~*~ (outnumbered).
  1047 | D:2      | 1047 ||| Stepping ~*~*~tactically~*~*~ (outnumbered).
  1048 | D:2      | 1048 ||| Stepping ~*~*~tactically~*~*~ (outnumbered).
  1049 | D:2      | 1049 ||| Stepping ~*~*~tactically~*~*~ (outnumbered).
  1129 | D:2      | 1129 ||| Stepping ~*~*~tactically~*~*~ (stealth).
  1248 | D:2      | Reached XP level 5. HP: 45/50 MP: 5/5
  1384 | D:2      | 1384 ||| Stepping ~*~*~tactically~*~*~ (hiding).
  1504 | D:2      | 1504 ||| READING 2 scrolls labelled FULLIPR ELYIT.
  1505 | D:2      | 1505 ||| READING scroll labelled UZAGOA ROMAMNI.
  1506 | D:2      | 1506 ||| READING scroll labelled DONOIT ZOGUSS.
  1507 | D:2      | 1507 ||| DRINKING 2 purple potions.
  1508 | D:2      | 1508 ||| DRINKING 2 viscous black potions.
  1509 | D:2      | 1509 ||| DROPPING potion of magic.
  1510 | D:2      | 1510 ||| DROPPING scroll of magic mapping.
  1625 | D:3      | Reached skill level 6 in Unarmed Combat
  1626 | D:3      | 1626 ||| Stepping ~*~*~tactically~*~*~ (stealth).
  1627 | D:3      | 1627 ||| INVOKING Fiery Armour.
  1721 | D:3      | Found a faded altar of an unknown god.
  1773 | D:3      | 1773 ||| INVOKING Fiery Armour.
  1776 | D:3      | 1776 ||| Stepping ~*~*~tactically~*~*~ (outnumbered).
  1777 | D:3      | 1777 ||| Stepping ~*~*~tactically~*~*~ (outnumbered).
  1778 | D:3      | 1778 ||| Stepping ~*~*~tactically~*~*~ (outnumbered).
  1780 | D:3      | Reached XP level 6. HP: 54/59 MP: 6/6
  1792 | D:3      | Reached skill level 7 in Unarmed Combat
  1814 | D:3      | 1814 ||| Stepping ~*~*~tactically~*~*~ (hiding).
  1816 | D:3      | 1816 ||| Stepping ~*~*~tactically~*~*~ (hiding).
  1956 | D:3      | 1956 ||| Stepping ~*~*~tactically~*~*~ (stealth).
  2229 | D:3      | Noticed Ijyb
  2244 | D:3      | Killed Ijyb
  2586 | D:3      | 2586 ||| DRINKING 2 fuming white potions.
  2612 | D:3      | 2612 ||| DRINKING 2 lumpy yellow potions.
  2613 | D:3      | 2613 ||| DRINKING 2 glowing silvery potions.
  2614 | D:3      | 2614 ||| READING 5 scrolls of identify.
  2614 | D:3      | 2614 ||| IDENTIFYING metallic orange potion
  2615 | D:3      | 2615 ||| DROPPING potion of lignification.
  2616 | D:3      | 2616 ||| DROPPING potion of brilliance.
  2617 | D:3      | 2617 ||| DROPPING potion of attraction.
  2820 | D:4      | 2820 ||| INVOKING Fiery Armour.
  2825 | D:4      | Reached skill level 8 in Unarmed Combat
  2825 | D:4      | Reached XP level 7. HP: 52/66 MP: 7/7
  2825 | D:4      | 2825 ||| DRINKING 2 potions of curing.
  2825 | D:4      | 2825 ||| (to cure confusion)
  2901 | D:4      | 2901 ||| Stepping ~*~*~tactically~*~*~ (stealth).
  2903 | D:4      | 2903 ||| Stepping ~*~*~tactically~*~*~ (hiding).
  2910 | D:4      | Reached skill level 3 in Fighting
  2921 | D:4      | Noticed Menkaure
  2922 | D:4      | 2922 ||| Stepping ~*~*~tactically~*~*~ (hiding).
  2924 | D:4      | 2924 ||| Stepping ~*~*~tactically~*~*~ (hiding).
  2930 | D:4      | Killed Menkaure
  3162 | D:4      | Noticed Pikel
  3170 | D:4      | 3170 ||| INVOKING Fiery Armour.
  3172 | D:4      | Killed Pikel
  3173 | D:4      | Reached skill level 10 in Unarmed Combat
  3173 | D:4      | Reached XP level 8. HP: 67/75 MP: 8/8
  3189 | D:4      | Found a staircase to the Ecumenical Temple.
  3759 | D:4      | Noticed Natasha
  3761 | D:4      | Killed Natasha
  3798 | D:4      | 3798 ||| READING scroll labelled CARAHO GU TEOS.
  3799 | D:4      | 3799 ||| READING 5 scrolls of identify.
  3799 | D:4      | 3799 ||| IDENTIFYING fuming coppery potion
  3800 | D:4      | 3800 ||| Stepping randomly (stuck).
  3801 | D:4      | 3801 ||| Stepping ~*~*~tactically~*~*~ (cloud).
  3836 | D:5      | Entered Level 5 of the Dungeon
  3856 | D:5      | Reached skill level 1 in Dodging
  3981 | D:5      | 3981 ||| INVOKING Fiery Armour.
  3987 | D:5      | 3987 ||| Stepping ~*~*~tactically~*~*~ (outnumbered).
  3988 | D:5      | 3988 ||| Stepping ~*~*~tactically~*~*~ (outnumbered).
  3989 | D:5      | 3989 ||| Stepping ~*~*~tactically~*~*~ (outnumbered).
  3990 | D:5      | 3990 ||| Stepping ~*~*~tactically~*~*~ (outnumbered).
  3991 | D:5      | 3991 ||| Stepping ~*~*~tactically~*~*~ (outnumbered).
  3992 | D:5      | 3992 ||| Stepping ~*~*~tactically~*~*~ (outnumbered).
  3993 | D:5      | 3993 ||| Stepping ~*~*~tactically~*~*~ (outnumbered).
  4200 | D:5      | 4200 ||| INVOKING Fiery Armour.
  4432 | D:5      | 4432 ||| UPGRADING to scarf of resistance.
  4437 | D:5      | 4437 ||| READING scroll labelled ETTOZA HANGEEN.
  4438 | D:5      | 4438 ||| READING 4 scrolls of identify.
  4438 | D:5      | 4438 ||| IDENTIFYING fizzy orange potion
  4439 | D:5      | 4439 ||| DROPPING potion of flight.
  4513 | D:6      | Found Zadur's Jewellery Shop.
  4517 | D:6      | 4517 ||| SHOPLISTING +4 ring of protection (396 gold, have
                  | 265).
  4517 | D:6      | 4517 ||| SHOPLISTING +6 ring of dexterity (396 gold, have
                  | 265).
  4517 | D:6      | 4517 ||| SHOPLISTING +6 ring of strength (396 gold, have
                  | 265).
  4517 | D:6      | 4517 ||| BUYING ring of resist corrosion (220 gold).
  4517 | D:6      | Bought a ring of resist corrosion for 220 gold pieces
  4527 | D:6      | Reached skill level 11 in Unarmed Combat
  4592 | D:6      | Reached XP level 9. HP: 84/84 MP: 9/9
  4603 | D:6      | 4603 ||| Stepping ~*~*~tactically~*~*~ (stealth).
  5022 | D:6      | 5022 ||| Stepping ~*~*~tactically~*~*~ (hiding).
  5385 | D:6      | 5385 ||| Stepping ~*~*~tactically~*~*~ (stealth).
  5386 | D:6      | 5386 ||| Stepping ~*~*~tactically~*~*~ (stealth).
  5429 | D:6      | 5429 ||| UPGRADING to ring of resist corrosion.
  5430 | D:6      | 5430 ||| READING scroll labelled ZUAGGO AMOQETACUF.
  5431 | D:6      | 5431 ||| READING scroll labelled MOMAOFRORGH.
  5432 | D:6      | 5432 ||| READING 3 scrolls of identify.
  5432 | D:6      | 5432 ||| IDENTIFYING viscous ruby potion
  5433 | D:6      | 5433 ||| READING 2 scrolls of identify.
  5433 | D:6      | 5433 ||| IDENTIFYING white potion
  5481 | D:7      | Reached skill level 12 in Unarmed Combat
  5506 | D:7      | 5506 ||| Stepping ~*~*~tactically~*~*~ (outnumbered).
  5593 | D:7      | 5593 ||| FLEEEEING.
  5594 | D:7      | 5594 ||| FLEEEEING.
  5595 | D:7      | 5595 ||| FLEEEEING.
  5596 | D:7      | 5596 ||| FLEEEEING.
  5597 | D:7      | 5597 ||| FLEEEEING.
  5598 | D:7      | 5598 ||| FLEEEEING.
  5599 | D:7      | 5599 ||| FLEEEEING.
  5600 | D:7      | 5600 ||| FLEEEEING.
  5601 | D:7      | 5601 ||| FLEEEEING.
  5602 | D:7      | 5602 ||| FLEEEEING.
  5603 | D:7      | 5603 ||| FLEEEEING.
  5606 | D:7      | 5606 ||| FLEEEEING.
  5607 | D:7      | 5607 ||| FLEEEEING.
  5608 | D:7      | 5608 ||| STAIRDANCE
  5618 | D:6      | 5618 ||| READING 2 scrolls of identify.
  5618 | D:6      | 5618 ||| IDENTIFYING sapphire potion
  5619 | D:6      | 5619 ||| DROPPING potion of invisibility.
  5755 | D:7      | 5755 ||| Stepping ~*~*~tactically~*~*~ (hiding).
  6004 | D:7      | 6004 ||| Stepping ~*~*~tactically~*~*~ (outnumbered).
  6007 | D:7      | 6007 ||| FLEEEEING.
  6008 | D:7      | 6008 ||| Stepping ~*~*~tactically~*~*~ (stealth).
  6016 | D:7      | 6016 ||| Stepping ~*~*~tactically~*~*~ (outnumbered).
  6019 | D:7      | 6019 ||| INVOKING Fiery Armour.
  6202 | D:7      | Reached skill level 1 in Throwing
  6304 | D:7      | Found an ancient bone altar of Kikubaaqudgha.
  6308 | D:7      | Found a white marble altar of Elyvilon.
  6308 | D:7      | Found a shimmering altar of Xom.
  6693 | D:7      | 6693 ||| DROPPING orb of wrath.
  6694 | D:7      | 6694 ||| UPGRADING to +0 steam dragon scales.
  6704 | D:7      | 6704 ||| DROPPING +0 robe.
  6833 | D:8      | Reached skill level 1 in Armour
  6840 | D:8      | 6840 ||| Stepping ~*~*~tactically~*~*~ (stealth).
  7190 | D:8      | Noticed Erica
  7191 | D:8      | 7191 ||| DRINKING 4 potions of curing.
  7191 | D:8      | 7191 ||| (to cure confusion)
  7192 | D:8      | 7192 ||| INVOKING Fiery Armour.
  7193 | D:8      | 7193 ||| DRINKING 3 potions of curing.
  7193 | D:8      | 7193 ||| (to cure confusion)
  7197 | D:8      | Killed Erica
  7198 | D:8      | Reached skill level 13 in Unarmed Combat
  7198 | D:8      | Reached XP level 10. HP: 95/96 MP: 10/10
  7724 | D:9      | 7724 ||| Stepping ~*~*~tactically~*~*~ (stealth).
  7731 | D:9      | 7731 ||| Stepping ~*~*~tactically~*~*~ (stealth).
  7733 | D:9      | 7733 ||| INVOKING Fiery Armour.
  7747 | D:9      | 7747 ||| Stepping ~*~*~tactically~*~*~ (outnumbered).
  7774 | D:9      | Found a staircase to the Orcish Mines.
  7792 | D:9      | 7792 ||| Stepping ~*~*~tactically~*~*~ (hiding).
  7804 | D:9      | 7804 ||| Stepping ~*~*~tactically~*~*~ (outnumbered).
  7811 | D:9      | 7811 ||| Stepping ~*~*~tactically~*~*~ (outnumbered).
  7813 | D:9      | Reached skill level 14 in Unarmed Combat
  7823 | D:9      | 7823 ||| Stepping ~*~*~tactically~*~*~ (outnumbered).
  7824 | D:9      | 7824 ||| Stepping ~*~*~tactically~*~*~ (outnumbered).
  7834 | D:9      | 7834 ||| Stepping ~*~*~tactically~*~*~ (stealth).
  7837 | D:9      | 7837 ||| Stepping ~*~*~tactically~*~*~ (stealth).
  7842 | D:9      | 7842 ||| Stepping ~*~*~tactically~*~*~ (outnumbered).
  7896 | D:9      | Noticed an orange crystal statue
  7897 | D:9      | 7897 ||| INVOKING Fiery Armour.
  7904 | D:9      | Noticed a gargoyle
  7910 | D:9      | 7910 ||| DRINKING 2 potions of curing.
  7910 | D:9      | 7910 ||| (to cure confusion)
  7915 | D:9      | HP: 24/96 [gargoyle/+0 flail[an orange crystal statue] (8)]
  7916 | D:9      | 7916 ||| READING 3 scrolls of teleportation.
  7920 | D:9      | HP: 23/96 [orc warrior/+0 short sword[an orange crystal
                  | statue] (3)]
  7921 | D:9      | 7921 ||| DRINKING 6 potions of heal wounds.
  7923 | D:9      | 7923 ||| Stepping ~*~*~tactically~*~*~ (outnumbered).
  7924 | D:9      | 7924 ||| Stepping ~*~*~tactically~*~*~ (outnumbered).
  7927 | D:9      | HP: 18/96 [wight/+0 hand axe (7)]
  7928 | D:9      | 7928 ||| READING 2 scrolls of teleportation.
  7928 | D:9      | HP: 6/94 [wight/+0 hand axe (7)]
  7929 | D:9      | 7929 ||| DRINKING 5 potions of heal wounds.
  7930 | D:9      | 7930 ||| DRINKING 4 potions of heal wounds.
  8049 | D:9      | 8049 ||| Stepping ~*~*~tactically~*~*~ (stealth).
  8054 | D:9      | 8054 ||| Stepping ~*~*~tactically~*~*~ (stealth).
  8065 | D:9      | 8065 ||| Stepping ~*~*~tactically~*~*~ (outnumbered).
  8067 | D:9      | 8067 ||| Stepping ~*~*~tactically~*~*~ (outnumbered).
  8068 | D:9      | 8068 ||| Stepping ~*~*~tactically~*~*~ (outnumbered).
  8069 | D:9      | 8069 ||| Stepping ~*~*~tactically~*~*~ (outnumbered).
  8070 | D:9      | 8070 ||| Stepping ~*~*~tactically~*~*~ (outnumbered).
  8087 | D:9      | 8087 ||| Stepping ~*~*~tactically~*~*~ (stealth).
  8108 | D:9      | 8108 ||| Stepping ~*~*~tactically~*~*~ (outnumbered).
  8109 | D:9      | 8109 ||| Stepping ~*~*~tactically~*~*~ (outnumbered).
  8110 | D:9      | 8110 ||| Stepping ~*~*~tactically~*~*~ (outnumbered).
  8111 | D:9      | 8111 ||| Stepping ~*~*~tactically~*~*~ (outnumbered).
  8114 | D:9      | 8114 ||| Stepping ~*~*~tactically~*~*~ (outnumbered).
  8117 | D:9      | 8117 ||| FLEEEEING.
  8118 | D:9      | 8118 ||| FLEEEEING.
  8119 | D:9      | 8119 ||| FLEEEEING.
  8120 | D:9      | 8120 ||| FLEEEEING.
  8121 | D:9      | 8121 ||| FLEEEEING.
  8122 | D:9      | 8122 ||| FLEEEEING.
  8131 | D:9      | Reached skill level 6 in Fighting
  8182 | D:9      | Found a staircase to the Lair.
  8293 | D:9      | 8293 ||| Stepping ~*~*~tactically~*~*~ (stealth).
  8367 | D:9      | Noticed an obsidian statue
  8368 | D:9      | 8368 ||| INVOKING Fiery Armour.
  8387 | D:9      | Noticed a sixfirhy
  8390 | D:9      | HP: 24/98 [sixfirhy[an obsidian statue] (8)]
  8391 | D:9      | 8391 ||| READING scroll of teleportation.
  8391 | D:9      | HP: 8/98 [sixfirhy[an obsidian statue] (7)]
  8391 | D:9      | Slain by a sixfirhy

Levels and vault maps discovered:
D:1:      dpeg_arrival_connections, layout_loops_ring, minmay_fountain_box
D:2:      wad_pebble_path, layout_basic, serial_glass, glass_columns_a,
          glass_columns_c, due_unseen_surprise, feat_on_display,
          patterned_corridor, uniq_terence, uniq_robin
D:3:      layout_basic, basic_ecumenical_altar, uniq_ijyb
D:4:      layout_basic, minmay_temple_entry_statues_pillars,
          kennysheep_generic_room_11, uniq_menkaure, uniq_pikel, uniq_natasha
D:5:      layout_gridville, amcnicky_mini_rare_corridor_liquid
D:6:      layout_gridville, serial_shops, nicolae_shop_stone
D:7:      layout_basic, gammafunk_temple_overflow_forgotten,
          serial_corexii_hall, chequers_hall_statues_wall_a,
          corexii_hall_statues_deadend, chequers_hall_statues_y,
          chequers_hall_statues_corner_a, minmay_joined_circles
D:8:      layout_basic, uniq_erica
D:9:      minmay_separated_statues, layout_cave_pods, lair_entry_dummy,
          zombieorc1_lemuel, eino_tiny_chamber, minmay_holes

Skill      XL: |  1  2  3  4  5  6  7  8  9 10 |
---------------+-------------------------------+-----
Unarmed Combat | 4 5 6 8 10 11 13 14 | 14.0
Fighting       | 3 4 5 6 |  6.0
Dodging        | 1 |  1.8
Throwing       | 1 |  1.6
Armour         | 1 |  1.0
Spellcasting   | |  1.0
Fire Magic     | |  2.1

Action                   |  1- 3 |  4- 6 |  7- 9 | 10-12 || total
-------------------------+-------+-------+-------+-------++-------
Melee: Unarmed           |    58 |   111 |   233 |   142 ||   544
       Punch             |       |     2 |     6 |    11 ||    19
Throw: Boomerang         |    43 |    22 |    14 |    37 ||   116
Invok: Fiery Armour      |     1 |     4 |     5 |     3 ||    13
  Use: Scroll            |     3 |     7 |     9 |     3 ||    22
       Potion            |       |     5 |     3 |     4 ||    12
Armor: Robe              |    12 |    37 |    59 |       ||   108
       Steam dragon scal |       |       |     1 |    57 ||    58
Dodge: Dodged            |    34 |    42 |    60 |    62 ||   198

Table legend:
 A = Non-vault XP
 B = Vault XP
 C = Vault XP percentage of total XP
 D = Non-vault monster count
 E = Vault monster count
 F = Vault count percentage of total count
                 A         B        C        D         E       F
            +---------+---------+-------+---------+---------+-------
      Total |    5297 |    2940 |  35.7 |     170 |      59 |  25.8
            +---------+---------+-------+---------+---------+-------
        D:1 |      48 |       0 |   0.0 |      27 |       0 |   0.0
        D:2 |      87 |      76 |  46.6 |      14 |      14 |  50.0
        D:3 |     273 |      36 |  11.7 |      26 |       1 |   3.7
        D:4 |     468 |     861 |  64.8 |      21 |       5 |  19.2
        D:5 |     747 |       0 |   0.0 |      19 |       0 |   0.0
        D:6 |     876 |       0 |   0.0 |      15 |       0 |   0.0
        D:7 |     761 |     564 |  42.6 |      14 |      10 |  41.7
        D:8 |     437 |     831 |  65.5 |      10 |       1 |   9.1
        D:9 |    1600 |     572 |  26.3 |      24 |      28 |  53.8
            +---------+---------+-------+---------+---------+-------
